 Dungeon Crawl Stone Soup version 0.24-a0-537-g2d01d4ab0a (webtiles) character file.

Game seed: 5912504333683144022

486 Mithandil the Distorting Demonspawn (level 6, 0/48 HPs)
             Began as a Demonspawn Abyssal Knight on Aug 15, 2019.
             Was a Believer of Lugonu.
             Slain by a phantom (3 damage)
             ... on level 4 of the Dungeon.
             The game lasted 00:16:19 (4196 turns).

Mithandil the Distorting Demonspawn (DsAK)          Turns: 4196, Time: 00:16:20

Health: 0/48       AC:  6    Str: 14    XL:     6   Next: 89%
Magic:  9/9        EV: 12    Int: 13    God:    Lugonu [**....]
Gold:   166        SH:  0    Dex: 13    Spells: 5/5 levels left

rFire    . . .     SeeInvis .   a - +1 falchion (slice)
rCold    + . .     Gourm    .   (no shield)
rNeg     . . .     Faith    .   q - +0 ring mail
rPois    .         Spirit   .   (helmet restricted)
rElec    .         Reflect  .   (no cloak)
rCorr    .         Harm     .   r - +0 pair of gloves
MR       .....                  (no boots)
Stlth    ++........             (no amulet)
HPRegen  0.16/turn              o - ring of protection from cold
MPRegen  0.11/turn              (no ring)

@: no status effects
A: horns 1, sturdy frame 1
a: Depart the Abyss, Bend Space, Renounce Religion


You were on level 4 of the Dungeon.
You worshipped Lugonu.
Lugonu was pleased with you.
You were not hungry.

You visited 1 branch of the dungeon, and saw 4 of its levels.
You visited the Abyss 1 time.

You collected 166 gold pieces.

Inventory:

Hand Weapons
 a - a +1 falchion of slicing (weapon)
 b - a +0 hunting sling
 d - a +2 falchion
 h - a +0 spear
 l - a +1 dagger of electrocution
 m - a +2 short sword of electrocution
 s - a +0 dagger of chaos
Missiles
 f - 6 boomerangs
 g - 166 stones (quivered)
 i - 34 poisoned darts
 p - 68 arrows
Armour
 q - a +0 ring mail (worn)
 r - a +0 pair of gloves (worn)
Jewellery
 o - a ring of protection from cold (left hand)
Wands
 u - a wand of iceblast (3)
Scrolls
 j - 4 scrolls of identify
 k - a scroll of fear
 n - 2 scrolls of teleportation
Potions
 e - 4 potions of heal wounds
Comestibles
 c - 4 rations


   Skills:
 + Level 3.9 Fighting
 * Level 3.8 Long Blades
 + Level 2.7 Armour
 + Level 2.2 Dodging
 + Level 2.2 Stealth
 + Level 1.9 Unarmed Combat
 + Level 4.0 Invocations


You had 5 spell levels left.
You didn't know any spells.
Your spell library was empty.

Dungeon Overview and Level Annotations

Branches:
Dungeon (4/15)
 Temple: D:4-7

Altars:
Xom


Innate Abilities, Weirdness & Mutations

You have a pair of small horns on your head.
Your movements are slightly less encumbered by armour. (ER -2)


Message History

* * * LOW HITPOINT WARNING * * *
The phantom closely misses you.
You riposte.
You hit the phantom but do no damage. You headbutt the phantom.
The phantom is severely damaged.
You hit the phantom. Your headbutt misses the phantom.
The phantom is almost destroyed.
The phantom hits you.
* * * LOW HITPOINT WARNING * * *
You barely miss the phantom.
The phantom is almost destroyed.
The phantom hits you!
* * * LOW HITPOINT WARNING * * *
The phantom blinks!
You see here a ration.
c - 4 rations (gained 1)
The phantom blinks!
A howler monkey comes into view.
The howler monkey howls!
The phantom hits you.
You die...

###..< ... ........
. .h. #####... # #.
#.. #... ..#.# #.#
#... .....# ##.#
#...
......####.%###
###. #..#.....W...#
#. #....[ยง..@...#
#> ##.........# ##
#...##.......# # ##
#.<.....##### #
#######............
#
...................
#######.......#####
#.......# #.......#


You could see a phantom and a howler monkey.

Vanquished Creatures
  A sky beast (D:4)
  3 crimson imps (D:3)
  An orc wizard (D:3)
  Ijyb (D:3)
  Jessica (D:3)
  2 iguanas (D:4)
  Robin (D:3)
  5 adders
  An ooze (D:3)
  A worm (D:2)
  A dart slug (D:1)
  4 leopard geckos
  5 orcs (D:3)
  11 bats
  2 giant cockroaches
  17 goblins
  14 hobgoblins
  3 jackals (D:2)
  4 frilled lizards
  5 kobolds
  13 rats
96 creatures vanquished.

Notes
Turn   | Place    | Note
-------+----------+-------------------------------------------
     0 | Abyss:1  | Mithandil the Demonspawn Abyssal Knight began the quest for
                  | the Orb.
     0 | Abyss:1  | Reached XP level 1. HP: 18/18 MP: 2/2
     0 | Abyss:1  | Found a corrupted altar of Lugonu.
   120 | D:1      | Escaped the Abyss
   133 | D:1      | Reached skill level 1 in Dodging
   589 | D:1      | Gained mutation: You have a pair of small horns on your
                  | head. [demonic ancestry]
   589 | D:1      | Reached XP level 2. HP: 22/24 MP: 3/3
   677 | D:1      | Reached * piety under Lugonu
  1323 | D:1      | Reached XP level 3. HP: 26/29 MP: 5/5
  1773 | D:3      | Noticed Ijyb
  1856 | D:2      | Reached ** piety under Lugonu
  2058 | D:2      | Reached XP level 4. HP: 15/35 MP: 6/6
  2606 | D:2      | Reached skill level 1 in Stealth
  2606 | D:2      | Reached skill level 3 in Invocations
  3048 | D:3      | Noticed Robin
  3054 | D:3      | Reached skill level 1 in Unarmed Combat
  3062 | D:3      | Killed Robin
  3062 | D:3      | Reached XP level 5. HP: 34/41 MP: 7/7
  3119 | D:3      | Found a shimmering altar of Xom.
  3191 | D:3      | Killed Ijyb
  3264 | D:3      | Gained mutation: Your movements are slightly less
                  | encumbered by armour. (ER -2) [demonic ancestry]
  3264 | D:3      | Reached XP level 6. HP: 25/48 MP: 8/8
  3286 | D:3      | Noticed Jessica
  3293 | D:3      | Killed Jessica
  3762 | D:4      | Noticed a sky beast
  4164 | D:4      | Killed a sky beast
  4164 | D:4      | Reached skill level 4 in Invocations
  4191 | D:4      | HP: 2/48 [phantom (7)]
  4196 | D:4      | Slain by a phantom

Levels and vault maps discovered:
D:1:      lightli_arrival_boilingwater, layout_loops_corners,
          due_unseen_surprise
D:2:      layout_loops_ring, minmay_tall_x
D:3:      layout_rooms, led_xom_imps, uniq_ijyb, uniq_robin, uniq_jessica
D:4:      layout_rooms, minmay_overflow_temple_hex, first_ration,
          minmay_misc_feat_rows

Skill      XL: |  1  2  3  4  5  6 |
---------------+-------------------+-----
Dodging        | 1 2 |  2.2
Long Blades    | 2 3 |  3.8
Armour         | 2 |  2.7
Stealth        | 1 2 |  2.2
Invocations    | 3 4 |  4.0
Unarmed Combat | 1 |  1.9
Fighting       | |  3.9

Action                   |  1- 3 |  4- 6 || total
-------------------------+-------+-------++-------
Melee: Falchion          |    94 |   164 ||   258
       Spear             |    31 |       ||    31
       Dagger            |     2 |       ||     2
       Headbutt          |    20 |    29 ||    49
       Punch             |       |     2 ||     2
 Fire: Hunting sling     |     1 |     1 ||     2
Invok: Depart the Abyss  |     1 |       ||     1
  Use: Scroll            |     8 |     1 ||     9
       Potion            |     1 |     1 ||     2
 Stab: Sleeping          |     1 |       ||     1
  Eat: Chunk             |     4 |     6 ||    10
       Ration            |       |     1 ||     1
Armor: Leather armour    |    39 |     5 ||    44
       Ring mail         |       |    43 ||    43
Dodge: Dodged            |    76 |    99 ||   175
       Rpst.: Falchion   |    15 |    32 ||    47

Table legend:
 A = Non-vault XP
 B = Vault XP
 C = Vault XP percentage of total XP
 D = Non-vault monster count
 E = Vault monster count
 F = Vault count percentage of total count
                 A         B        C        D         E       F
            +---------+---------+-------+---------+---------+-------
      Total |     440 |     255 |  36.7 |      79 |      17 |  17.7
            +---------+---------+-------+---------+---------+-------
        D:1 |      47 |       0 |   0.0 |      26 |       0 |   0.0
        D:2 |      80 |       8 |   9.1 |      34 |       4 |  10.5
        D:3 |     116 |     247 |  68.0 |      16 |      13 |  44.8
        D:4 |     197 |       0 |   0.0 |       3 |       0 |   0.0
            +---------+---------+-------+---------+---------+-------
